Match 35499289
Unlisted

Match 35499289
End
Construct Infanterie Kompanie
Grenadier Squad
Grenadier Squad
Grenadier Squad
Infanterie Officer Quarters
Grenadier Squad
Grenadier Squad
Construct Panzergrenadier Kompanie
Grenadier Squad
Support Elements
StuG III G Assault Gun
Panzergrenadier Officer Quarters
StuG III G Assault Gun
Selects Luftwaffe Battlegroup
Selects Luftwaffe Pioneer Support
Selects Flak 38 Anti-Air Emplacement
Selects Infantry Reserves
Selects Stuka Strafing Run
Selects Fallschirmjäger Squad Paradrop
Medical Station
Stuka Strafing Run
MG 42 Machine Gun Team
Selects Stuka Loiter
Stuka Strafing Run
Construct Panzer Kompanie
Construct Luftwaffe Kompanie
Stuka Strafing Run
Marder III M Tank Destroyer
Marder III M Tank Destroyer
Stuka Strafing Run
Stuka Loiter
Stuka Strafing Run
GohanのFans
Angrybirds
Qhunter
[TGR] ImperialGuard
0
0

Comments sign in to comment!

No comments posted yet!